 Dungeon Crawl Stone Soup version 0.27.0-65-ge2af304b15 (webtiles) character file.

Game seed: 9342413400096679178

271 Amplified the Magician (level 5, -8/42 HPs)
             Began as a Demigod Air Elementalist on Aug 18, 2021.
             Killed from afar by an orc wizard (10 damage)
             ... with a puff of flame
             ... on level 4 of the Dungeon.
             The game lasted 00:06:30 (4668 turns).

Amplified the Magician (Demigod Air Elementalist)   Turns: 4668, Time: 00:06:31

Health: -8/42      AC:  3    Str: 13    XL:     5   Next: 70%
Magic:  12/12      EV: 12    Int: 17    God:
Gold:   126        SH:  0    Dex: 14    Spells: 7/10 levels left

rFire    . . .     SeeInvis .   j - +0 falchion (flame)
rCold    . . .     Faith    .   (no shield)
rNeg     . . .     Spirit   .   a - +1 robe
rPois    .         Reflect  .   (no helmet)
rElec    .         Harm     .   g - scarf {+Inv}
rCorr    +         Rampage  .   (no gloves)
Will     .....                  (no boots)
Stlth    +.........             (no amulet)
HPRegen  0.14/turn              i - ring of resist corrosion
MPRegen  0.13/turn              (no ring)

@: confused
A: high mp 1, forlorn
a: Evoke Invisibility


You were on level 4 of the Dungeon.
You visited 1 branch of the dungeon, and saw 4 of its levels.

You collected 126 gold pieces.

Inventory:

Hand Weapons
 c - a +0 dagger
 j - a +0 falchion of flaming (weapon)
Missiles
 b - 2 throwing nets
 d - 7 datura-tipped darts
Armour
 a - a +1 robe (worn)
 g - a scarf of invisibility (worn)
Jewellery
 i - a ring of resist corrosion (left hand)
Wands
 l - a wand of polymorph (10)
Scrolls
 e - a scroll of teleportation
 f - a scroll of fear
 h - a scroll of vulnerability
 k - a scroll of identify
 m - 2 scrolls of immolation


   Skills:
 * Level 2.7 Fighting
 * Level 1.2 Long Blades
 - Level 1.1 Armour
 - Level 1.7 Dodging
 - Level 1.7 Stealth
 * Level 3.2 Spellcasting
 - Level 0.8 Conjurations
 - Level 2.6 Air Magic
 * Level 2.3 Evocations


You had 7 spell levels left.
You knew the following spells:

 Your Spells              Type           Power      Damage    Failure   Level
a - Shock                 Conj/Air       32%        1d5       9%          1
b - Static Discharge      Conj/Air       8%         N/A       12%         2

Your spell library contained the following spells:

 Spells                   Type           Power      Damage    Failure   Level
 Swiftness                Air            11%        N/A       17%         3
 Gell's Gravitas          Tloc           1%         N/A       45%         3
 Lesser Beckoning         Tloc           1%         N/A       45%         3
 Teleport Other           Tloc           2%         N/A       45%         3
 Airstrike                Air            5%         N/A       50%         4


Dungeon Overview and Level Annotations

Branches:
Dungeon (4/15)             Temple (0/1) D:4


Innate Abilities, Weirdness & Mutations

Your attributes grow dramatically as you level up.
You have an increased reservoir of magic. (+10% MP)
You shall have no god before yourself.


Message History

The orc hits you with a +0 flail.
Unknown command.
You bump into the rock wall.
The orc barely misses you. The orc wizard misses you.
Unknown command.
The orc wizard gestures wildly while chanting.
The orc wizard flickers and vanishes!
Deactivating autopickup; reactivate with Ctrl-A.
Unknown command.
You hit the orc but do no damage.
You hear some strange, mumbled words.
A puff of flame appears from out of thin air!
The puff of flame misses you.
Unknown command.
You're too confused to move!
The orc hits you with a +0 flail. The orc barely misses you.
Unknown command.
The orc closely misses you.
You hit something but do no damage. The orc barely misses you.
Something hits you. The ball python completely misses you.
The ball python grabs you. The ball python constricts you. The orc misses you.
You bump into the rock wall.
The ball python barely misses you. The ball python constricts you.
Something hits you. The orc hits you with a +0 flail!
* * * LOW HITPOINT WARNING * * *
You escape the ball python's grasp.
Unknown command.
You're too confused to move!
The orc hits you with a +0 flail.
* * * LOW HITPOINT WARNING * * *
Something hits you.
* * * LOW HITPOINT WARNING * * *
Unknown command.
You aren't carrying any potions.
Unknown command.
You are too confused!
Unknown command.
You hear some strange, mumbled words.
A puff of flame appears from out of thin air!
The puff of flame hits you!
You die...

#..###...#...#............#
#...####.......###........#
#.##.......)#####
#........# o. #..S##...# .o
#.##..##..### . ..#
#.....o.S# .# #..
#.##...oo{## #.# ## #
#..###o.# #.# #..#
##@#######.#### ...##
#......#.....## ##.#
##..†.........)## #.
#...............# #.
#...............#
#........))<....#
#........)......#
#........)).....#
##.............##


You could see 4 orcs and a ball python.

Vanquished Creatures
  A sky beast (D:4)
  An orc wizard (D:4)
  Robin (D:3)
  5 adders
  A worm (D:2)
  A dart slug (D:3)
  6 orcs
  8 ball pythons
  5 bats
  4 endoplasms
  3 giant cockroaches
  17 goblins
  4 hobgoblins
  7 jackals (D:3)
  2 quokkas
  5 frilled lizards
  7 kobolds
  5 rats
83 creatures vanquished.

Notes
Turn   | Place    | Note
-------+----------+-------------------------------------------
     0 | D:1      | Amplified the Demigod Air Elementalist began the quest for
                  | the Orb.
     0 | D:1      | Reached XP level 1. HP: 14/14 MP: 5/5
   176 | D:1      | Reached skill level 2 in Spellcasting
   324 | D:1      | Reached XP level 2. HP: 22/22 MP: 5/7
   741 | D:1      | Reached skill level 1 in Fighting
   950 | D:1      | Reached skill level 1 in Armour
  1433 | D:2      | Learned a level 2 spell: Static Discharge
  1894 | D:3      | Reached XP level 3. HP: 27/28 MP: 1/9
  2269 | D:3      | Reached skill level 1 in Evocations
  2568 | D:3      | Noticed Robin
  2606 | D:3      | Reached XP level 4. HP: 5/36 MP: 7/10
  2630 | D:4      | Found a staircase to the Ecumenical Temple.
  4127 | D:3      | Killed Robin
  4246 | D:4      | Noticed an ogre
  4249 | D:4      | Noticed a sky beast
  4249 | D:4      | an ogre changed into a sky beast
  4284 | D:4      | Reached skill level 3 in Spellcasting
  4284 | D:4      | Reached XP level 5. HP: 38/42 MP: 5/12
  4483 | D:4      | Killed a sky beast
  4484 | D:4      | Reached skill level 1 in Long Blades
  4667 | D:4      | HP: 2/42 [something (3)]
  4668 | D:4      | Killed from afar by an orc wizard

Illustrated notes

Levels and vault maps discovered:
D:1:      amcnicky_arrival_choice, layout_loops_ring
D:2:      layout_loops_ring, shapermc_ecumenical_altar_venn
D:3:      kennysheep_goblin_castle, layout_rooms, serial_bayou_pond_d
D:4:      layout_rooms, trog_book, minmay_temple_entry_junction_2, minmay_vboxes

Skill      XL: |  1  2  3  4  5 |
---------------+----------------+-----
Spellcasting   | 2 3 |  3.2
Fighting       | 1 2 |  2.7
Armour         | 1 |  1.1
Evocations     | 1 2 |  2.3
Long Blades    | 1 |  1.2
Dodging        | |  1.7
Stealth        | |  1.7
Conjurations   | |  0.8
Air Magic      | |  2.6

Action                   |  1- 3 |  4- 6 || total
-------------------------+-------+-------++-------
Melee: Unarmed           |     3 |       ||     3
       Dagger            |    52 |       ||    52
       Falchion          |    58 |    76 ||   134
 Cast: Shock             |    36 |       ||    36
       Static Discharge  |    13 |    20 ||    33
Evoke: Wand              |       |     1 ||     1
  Use: Scroll            |     5 |     5 ||    10
       Potion            |     2 |     1 ||     3
 Stab: Sleeping          |     1 |     2 ||     3
Armor: Robe              |    32 |    25 ||    57
Dodge: Dodged            |   124 |    83 ||   207
       Rpst.: Falchion   |    17 |    22 ||    39
